 Dungeon Crawl Stone Soup version 0.31-a0-177-g4aa6249778 (webtiles) character file.

Game seed: 7848219415738207938

68274 qw the Severer (level 15, -3/105 HPs)
             Began as a Gargoyle Fighter on June 18, 2023.
             Was an Elder of Okawaru.
             Slain by Erica
             ... wielding a +2 scimitar of flaming
              (6 damage)
             ... on level 11 of the Dungeon.
             The game lasted 00:10:17 (18939 turns).

qw the Severer (Gargoyle Fighter)                  Turns: 18939, Time: 00:10:17

Health: -3/105     AC: 34    Str: 32    XL:     15   Next: 26%
Magic:  21/22      EV: 10    Int: 10    God:    Okawaru [****..]
Gold:   985        SH: 13    Dex:  9    Spells: 14/14 levels left

rFire   . . .        B - +0 broad axe of the Dancing Seer {flame, rN+}
rCold   . . .        a - +0 kite shield
rNeg    + + .        D - +1 plate armour
rPois   inf          (no helmet)
rElec   +            i - +2 cloak
rCorr   .            (no gloves)
SInv    +            H - +0 pair of boots
Will    +....        (no amulet) Stlth
                     v - +6 ring of strength
HPRegen 0.37/turn    l - ring of see invisible
MPRegen 0.18/turn

%: no passive effects
@: heroic, flying
A: sickness immunity, AC +11, big wings, negative energy resistance 1,
electricity resistance, torment resistance 1, petrification resistance, robust
1, subdued magic 1
a: Renounce Religion, Heroism, Finesse


You were on level 11 of the Dungeon.
You worshipped Okawaru.
Okawaru was greatly pleased with you.
You visited 3 branches of the dungeon, and saw 17 of its levels.

You collected 1272 gold pieces.
You spent 287 gold pieces at shops.


Innate Abilities, Weirdness & Mutations

You are immune to sickness and miasma.
Your stone body is resilient. (AC +11)
You are immune to poison.
Your large and strong wings let you fly.
You resist negative energy. (rN+)
You are resistant to electric shocks. (rElec)
You are resistant to unholy torment.
You are immune to petrification.
You are robust. (+10% HP)
Your spells are a little easier to cast, but a little less powerful.


   Skills:
 - Level 12.1(17.1) Fighting
 + Level 15.1(20.1) Axes
 - Level 5.0(10.0) Throwing
 - Level 10.1(15.1) Armour
 - Level 3.3(8.3) Dodging
 - Level 12.0(17.0) Shields
 - Level 10.2 Invocations


You had 14 spell levels left.
You didn't know any spells.
Your spell library was empty.

Inventory:

Hand Weapons
 e - a +0 spectral war axe
 y - the +4 consecrated labrys {holy, Valiant Fragile Fly SInv}
   (You acquired it on level 3 of the Lair of Beasts)

   Valiant:   It becomes more powerful as more dangerous foes come into view.
   SInv:      It lets you see invisible.
   Fly:       It grants you flight.
   Fragile:   It will be destroyed if unequipped.
 A - the +4 war axe "Ammeopp" {drain, rF+}
   (You found it on level 2 of the Lair of Beasts)

   rF:        It protects you from fire.
 B - the +0 broad axe of the Dancing Seer (weapon) {flame, rN+}
   (Okawaru gifted it to you on level 5 of the Lair of Beasts)

   rN:        It protects you from negative energy.
 F - a +3 war axe
Missiles
 b - 2 silver boomerangs
 z - 10 javelins (quivered)
Armour
 a - a +0 kite shield (worn)
 i - a +2 cloak (worn)
 m - the +4 scale mail "Plog" {rPois rF+ Str+2}
   (You found it on level 3 of the Dungeon)

   Str:       It affects your strength (+2).
   rF:        It protects you from fire.
   rPois:     It protects you from poison.
 n - +0 acid dragon scales
 D - a +1 plate armour (worn)
 H - a +0 pair of boots (worn)
Jewellery
 k - a ring of fire
 l - a ring of see invisible (right hand)
 r - a ring of protection from fire
 t - a ring of protection from cold
 v - a +6 ring of strength (left hand)
 E - a +4 ring of slaying {mikee}
 G - a ring of ice
Scrolls
 c - 8 scrolls of identify
 j - 2 scrolls of brand weapon
 C - a scroll of teleportation
Potions
 d - 4 potions of might
 f - 3 potions of resistance
 g - 2 potions of mutation
 h - 5 potions of curing
 o - 2 potions of lignification
 p - 3 potions of magic
 q - a potion of cancellation
 s - a potion of enlightenment
 u - a potion of attraction
 w - a potion of haste
 x - a potion of heal wounds

Dungeon Overview and Level Annotations

Branches:
Dungeon (11/15)            Temple (1/1) D:7            Lair (5/5) D:8
 Shoals (0/4) Lair:3       Spider (0/4) Lair:2        Slime (0/5) Lair:5
    Orc (0/2) D:9

Altars:
Ashenzari
Cheibriados
Dithmenos
Elyvilon
Fedhas
Gozag
Hepliaklqana
Kikubaaqudgha
Makhleb
Nemelex Xobeh
Okawaru
Qazlal
Ru
Sif Muna
Trog
Uskayaw
Vehumet
Wu Jian
Xom
Yredelemnul
Zin
The Shining One
Jiyva

Shops:
D:3 *(=   D:8 *

Annotations:
D:8 3 runed translucent doors, qw's ghost, novice GrHu
D:11 Erica
Lair:4 3 runed translucent doors, qw's ghost, journeyman NaHu


Message History

You hear a shout!
You slice the red ugly thing!! You burn the red ugly thing.
You kill the red ugly thing!
Okawaru accepts your kill.
The cyclops hits you but does no damage.
Enter note:
Enter note:
Enter note:
Enter note:
Enter note:
Enter note: You slash the cyclops!
You burn the cyclops.
You kill the cyclops!
Okawaru accepts your kill.
The centaur warrior wields a +0 orcbow.
The centaur warrior shoots an arrow.
The arrow hits you but does no damage.
You barely miss Erica. You closely miss the fire dragon.
You block Erica's attack. You block the fire dragon's attack.
The fire dragon claws you!
The fire dragon tramples you but does no damage.
You slash Erica! You burn Erica.
Erica is moderately wounded.
You slice the fire dragon!! You burn the fire dragon.
Erica hits you but does no damage. You block the fire dragon's attack.
The fire dragon claws you but does no damage.
You block the fire dragon's attack.
An acid dragon comes into view.
You closely miss Erica.
Erica is moderately wounded.
The acid dragon roars!
You slash the fire dragon!
You hear an angry hiss.
You hit the fire dragon.
The fire dragon is heavily wounded.
You closely miss Erica. The fire dragon breathes flames at you.
The blast of flame hits you!!!
Erica hits you with a +2 scimitar of flaming!
Erica burns you.
You die...

...... ### #####
#####. ## ..# #...#
.#. #.. #.c .#.#.###
#.#.
..##.h##.#.#...#...#.
#.. #?.##.###.#.###.
..##..#..#.....#...
#D.##.###.#.###%#.
#@)##%#...#...#.#.
#D@##.(##.#####.#.#.
#.c #..##. #.).#. ###
##### #####. #. #.


You could see a fire dragon (catching breath), Erica, a centaur warrior and an
acid dragon.

Vanquished Creatures
  Kirke (Lair:5)
  Snorg (D:10)
  A catoblepas (Lair:2)
  5 hydras
  A centaur warrior (D:8)
  4 two-headed ogres
  6 death yaks (Lair:3)
  Urug (D:10)
  2 skysharks
  An orc knight (D:11)
  An ugly thing (D:11)
  An oklob plant (Lair:3)
  2 cyclopes
  2 black mambas
  6 elephants (Lair:3)
  A slime creature (Lair:5)
  A merfolk siren (Lair:3)
  2 rust devils (D:10)
  9 cane toads
  Maggie (D:10)
  6 rime drakes
  Psyche (D:10)
  An efreet (D:8)
  8 komodo dragons
  7 hornets (Lair:5)
  2 trolls (D:11)
  A merfolk (Lair:3)
  6 polar bears
  35 blink frogs
  7 dream sheep (Lair:4)
  2 wraiths (D:11)
  14 spriggans
  Sigmund (D:3)
  7 wyverns
  31 yaks
  3 basilisks
  2 steam dragons
  4 hogs (Lair:5)
  An acid dragon (D:8)
  12 water moccasins
  4 orc warriors
  6 black bears
  An ice beast (D:7)
  28 wolves
  A sky beast (D:8)
  An ogre (D:6)
  8 centaurs
  3 boggarts (Lair:5)
  2 kobold brigands
  11 bullfrogs
  A gnoll sergeant (D:11)
  2 scorpions
  6 wights
  11 killer bees (D:9)
  3 howler monkeys
  2 electric eels
  4 hounds
  7 orc priests
  2 jellies (Lair:5)
  2 gnoll boudas (D:8)
  3 iguanas
  3 sleepcaps
  Natasha (thrice) (D:2)
  8 orc wizards
  9 hell rats
  12 gnolls
  7 adders
  6 river rats (Lair:3)
  A shadow imp (D:7)
  2 white imps
  A dart slug (D:1)
  33 orcs
  4 endoplasms
  4 giant cockroaches
  14 hobgoblins
  8 jackals
  14 kobolds
  5 quokkas
  6 ball pythons
  3 bats
  7 goblins
  9 rats
467 creatures vanquished.

Vanquished Creatures (others)
  A sleepcap (D:8)
  A spectral weapon (Lair:3)
2 creatures vanquished.

Grand Total: 469 creatures vanquished

Notes
Turn   | Place    | Note
-------+----------+-------------------------------------------
     0 | D:1      | qw the Gargoyle Fighter began the quest for the Orb.
     0 | D:1      | Reached XP level 1. HP: 14/14 MP: 1/1
     0 | D:1      | 0 ||| qw: Version: 0.3-a-7-ge0c9b40
     0 | D:1      | 0 ||| qw: Game counter: 831
     0 | D:1      | 0 ||| qw: Always use a shield: true
     0 | D:1      | 0 ||| qw: God list: Okawaru
     0 | D:1      | 0 ||| qw: Allow faded altars: false
     0 | D:1      | 0 ||| qw: Do Orc after D:15 true
     0 | D:1      | 0 ||| qw: Do second Lair branch before Depths: true
     0 | D:1      | 0 ||| qw: Lair rune preference: random
     0 | D:1      | 0 ||| qw: Plans: Normal, Zot:1-4, Slime:5, God:TSO, Crypt,
                  | Tomb, Abyss, Pan, Hells, Win
     0 | D:1      | 0 ||| PLANNING D:1-11
    25 | D:1      | Reached skill level 2 in Axes
   198 | D:1      | 198 ||| DROPPING +0 club.
   206 | D:1      | 206 ||| Stepping ~*~*~tactically~*~*~ (hiding).
   208 | D:1      | 208 ||| Stepping ~*~*~tactically~*~*~ (hiding).
   210 | D:1      | 210 ||| Stepping ~*~*~tactically~*~*~ (hiding).
   216 | D:1      | Reached XP level 2. HP: 19/19 MP: 2/2
   383 | D:1      | 383 ||| Stepping ~*~*~tactically~*~*~ (hiding).
   384 | D:1      | 384 ||| Stepping ~*~*~tactically~*~*~ (hiding).
   388 | D:1      | 388 ||| Stepping ~*~*~tactically~*~*~ (hiding).
   389 | D:1      | 389 ||| Stepping ~*~*~tactically~*~*~ (hiding).
   687 | D:1      | 687 ||| READING scroll labelled OGAMME CUSH.
   690 | D:1      | 690 ||| READING scroll labelled PETHRU EHEFIEJU.
   744 | D:2      | Reached skill level 3 in Axes
   752 | D:2      | Reached XP level 3. HP: 22/23 MP: 3/3
   821 | D:2      | 821 ||| Stepping ~*~*~tactically~*~*~ (stealth).
   959 | D:2      | Noticed Natasha
   972 | D:2      | Killed Natasha
   973 | D:2      | Reached XP level 4. HP: 26/28 MP: 4/4
  1129 | D:2      | 1129 ||| DROPPING +0 whip.
  1171 | D:2      | Reached skill level 4 in Axes
  1273 | D:2      | 1273 ||| Stepping ~*~*~tactically~*~*~ (stealth).
  1274 | D:2      | Noticed Natasha
  1275 | D:2      | 1275 ||| Stepping ~*~*~tactically~*~*~ (stealth).
  1284 | D:2      | HP: 2/28 [Natasha (8)]
  1285 | D:2      | Killed Natasha
  1312 | D:2      | 1312 ||| Stepping ~*~*~tactically~*~*~ (stealth).
  1684 | D:2      | Noticed Natasha
  1685 | D:2      | 1685 ||| Stepping ~*~*~tactically~*~*~ (stealth).
  1686 | D:2      | 1686 ||| Stepping ~*~*~tactically~*~*~ (stealth).
  1688 | D:2      | 1688 ||| Stepping ~*~*~tactically~*~*~ (stealth).
  1694 | D:2      | 1694 ||| Stepping ~*~*~tactically~*~*~ (hiding).
  1695 | D:2      | 1695 ||| Stepping ~*~*~tactically~*~*~ (hiding).
  1696 | D:2      | 1696 ||| Stepping ~*~*~tactically~*~*~ (hiding).
  1705 | D:2      | Killed Natasha
  1706 | D:2      | Reached XP level 5. HP: 11/32 MP: 5/5
  2083 | D:2      | 2083 ||| UPGRADING to +0 cloak.
  2088 | D:2      | 2088 ||| UPGRADING to ring of protection from cold.
  2089 | D:2      | 2089 ||| UPGRADING to ring of see invisible.
  2090 | D:2      | 2090 ||| READING scroll labelled WEDYMEF JAUSEUTZO.
  2091 | D:2      | 2091 ||| READING scroll labelled TINETE HUHAIRCH.
  2092 | D:2      | 2092 ||| READING scroll labelled VYUHIKONNA.
  2093 | D:2      | 2093 ||| READING scroll labelled ZUEDELLEBO.
  2194 | D:2      | 2194 ||| DRINKING 2 bubbling emerald potions.
  2194 | D:2      | Gained mutation: You are robust. (+10% HP) [potion of
                  | mutation]
  2194 | D:2      | Gained mutation: Your spells are a little easier to cast,
                  | but a little less powerful. [potion of mutation]
  2306 | D:3      | 2306 ||| FLEEEEING.
  2311 | D:3      | 2311 ||| STAIRDANCE
  2361 | D:3      | Found Issicw's Weapon Shop.
  2369 | D:3      | You fall into a shaft and drop 2 floors!
  2369 | D:5      | Entered Level 5 of the Dungeon
  2379 | D:5      | Reached skill level 5 in Axes
  2515 | D:5      | 2515 ||| Stepping ~*~*~tactically~*~*~ (stealth).
  2523 | D:5      | Reached XP level 6. HP: 41/41 MP: 6/6
  2575 | D:5      | Found a shadowy altar of Dithmenos.
  2594 | D:5      | Found a radiant altar of Vehumet.
  2596 | D:5      | 2596 ||| Stepping ~*~*~tactically~*~*~ (hiding).
  2599 | D:5      | 2599 ||| Stepping ~*~*~tactically~*~*~ (hiding).
  2610 | D:5      | Reached skill level 1 in Dodging
  2735 | D:5      | Found an opulent altar of Gozag.
  2792 | D:5      | Found a hide-covered altar of Uskayaw.
  2801 | D:5      | 2801 ||| UPGRADING to +0 kite shield.
  2811 | D:5      | 2811 ||| DROPPING +0 buckler.
  2812 | D:5      | 2812 ||| UPGRADING to +0 chain mail.
  2822 | D:5      | 2822 ||| DROPPING +0 scale mail.
  3034 | D:3      | Found Syotev's General Store.
  3050 | D:3      | 3050 ||| BUYING scroll of identify (28 gold).
  3050 | D:3      | Bought a scroll of identify for 28 gold pieces
  3083 | D:3      | Identified the +4 scale mail "Plog" {rPois rF+ Str+2}
  3152 | D:3      | Found an ancient bone altar of Kikubaaqudgha.
  3157 | D:3      | Found a hazy altar of Hepliaklqana.
  3160 | D:3      | Found a shimmering altar of Xom.
  3160 | D:3      | Found a bloodstained altar of Trog.
  3167 | D:3      | Found a burning altar of Makhleb.
  3228 | D:3      | Found a faded altar of an unknown god.
  3279 | D:3      | Found a sacrificial altar of Ru.
  3350 | D:3      | Noticed Sigmund
  3351 | D:3      | 3351 ||| Stepping ~*~*~tactically~*~*~ (hiding).
  3353 | D:3      | 3353 ||| Stepping ~*~*~tactically~*~*~ (hiding).
  3372 | D:3      | Killed Sigmund
  3373 | D:3      | Reached XP level 7. HP: 31/47 MP: 7/7
  3581 | D:3      | Found Xuurhin's Jewellery Emporium.
  3591 | D:3      | 3591 ||| SHOPLISTING +4 ring of protection (396 gold, have
                  | 153).
  3591 | D:3      | 3591 ||| SHOPLISTING amulet of Fuih Rao {Reflect SH+5 SInv}
                  | (453 gold, have 153).
  3591 | D:3      | 3591 ||| SHOPLISTING amulet of reflection (330 gold, have
                  | 153).
  3591 | D:3      | 3591 ||| SHOPLISTING ring of fire (275 gold, have 153).
  3627 | D:3      | 3627 ||| UPGRADING to +4 scale mail "Plog" {rPois rF+
                  | Str+2}.
  3637 | D:3      | 3637 ||| DROPPING +0 chain mail.
  3638 | D:3      | 3638 ||| READING scroll labelled WUQYFU QONGUXT.
  3639 | D:3      | 3639 ||| DRINKING 2 silvery potions.
  3640 | D:3      | 3640 ||| DRINKING 3 fuming red potions.
  3667 | D:3      | 3667 ||| READING 5 scrolls of identify.
  3667 | D:3      | 3667 ||| IDENTIFYING lumpy red potion
  3788 | D:4      | 3788 ||| Stepping ~*~*~tactically~*~*~ (stealth).
  4037 | D:4      | 4037 ||| Stepping ~*~*~tactically~*~*~ (stealth).
  4038 | D:4      | 4038 ||| Stepping ~*~*~tactically~*~*~ (stealth).
  4044 | D:4      | 4044 ||| Stepping ~*~*~tactically~*~*~ (stealth).
  4051 | D:4      | 4051 ||| Stepping ~*~*~tactically~*~*~ (hiding).
  4074 | D:4      | 4074 ||| FLEEEEING.
  4075 | D:4      | 4075 ||| FLEEEEING.
  4285 | D:4      | 4285 ||| Stepping ~*~*~tactically~*~*~ (hiding).
  4311 | D:4      | 4311 ||| Stepping ~*~*~tactically~*~*~ (stealth).
  4312 | D:4      | 4312 ||| Stepping ~*~*~tactically~*~*~ (stealth).
  4395 | D:4      | 4395 ||| READING 5 scrolls of identify.
  4395 | D:4      | 4395 ||| IDENTIFYING bubbling inky potion
  4396 | D:4      | 4396 ||| READING 4 scrolls of identify.
  4396 | D:4      | 4396 ||| IDENTIFYING smoky dark potion
  4397 | D:4      | 4397 ||| DROPPING potion of degeneration.
  4473 | D:5      | Found an ornate altar of the Wu Jian Council.
  4658 | D:5      | 4658 ||| Stepping ~*~*~tactically~*~*~ (stealth).
  4659 | D:5      | 4659 ||| Stepping ~*~*~tactically~*~*~ (stealth).
  4931 | D:5      | 4931 ||| DROPPING +6 ring of intelligence.
  4932 | D:5      | 4932 ||| READING 4 scrolls of identify.
  4932 | D:5      | 4932 ||| IDENTIFYING white potion
  4978 | D:6      | Reached skill level 6 in Axes
  5069 | D:6      | Reached XP level 8. HP: 52/52 MP: 8/8
  5102 | D:6      | Reached skill level 6 in Shields
  5430 | D:6      | 5430 ||| Stepping ~*~*~tactically~*~*~ (stealth).
  5440 | D:6      | Reached skill level 1 in Throwing
  5501 | D:6      | Reached skill level 7 in Axes
  5575 | D:6      | 5575 ||| Stepping ~*~*~tactically~*~*~ (stealth).
  5595 | D:6      | 5595 ||| Stepping ~*~*~tactically~*~*~ (stealth).
  5596 | D:6      | 5596 ||| Stepping ~*~*~tactically~*~*~ (stealth).
  5600 | D:6      | 5600 ||| Stepping ~*~*~tactically~*~*~ (stealth).
  5603 | D:6      | 5603 ||| Stepping ~*~*~tactically~*~*~ (hiding).
  5604 | D:6      | 5604 ||| Stepping ~*~*~tactically~*~*~ (hiding).
  6255 | D:6      | 6255 ||| UPGRADING to +6 ring of strength.
  6257 | D:6      | 6257 ||| READING scroll labelled GUJUC ACEDIROA.
  6258 | D:6      | 6258 ||| READING scroll labelled DOUJUY HASM.
  6259 | D:6      | 6259 ||| DRINKING 2 glowing puce potions.
  6360 | D:7      | Found a staircase to the Ecumenical Temple.
  6361 | D:7      | 6361 ||| PLANNING TEMPLE
  6374 | D:7      | 6374 ||| READING scroll labelled WUUPTI ZAUVIL.
  6382 | Temple   | Entered the Ecumenical Temple
  6442 | Temple   | 6442 ||| PLANNING OKAWARU WORSHIP
  6622 | Temple   | Became a worshipper of Warmaster Okawaru
  6623 | Temple   | 6623 ||| PLANNING D:1-11
  6741 | D:7      | 6741 ||| Stepping ~*~*~tactically~*~*~ (stealth).
  7000 | D:7      | 7000 ||| Stepping ~*~*~tactically~*~*~ (stealth).
  7002 | D:7      | 7002 ||| Stepping ~*~*~tactically~*~*~ (stealth).
  7004 | D:7      | 7004 ||| Stepping ~*~*~tactically~*~*~ (stealth).
  7005 | D:7      | Noticed a wyvern
  7015 | D:7      | Killed a wyvern
  7030 | D:7      | 7030 ||| DROPPING +4 mace of protection.
  7168 | D:7      | 7168 ||| Stepping ~*~*~tactically~*~*~ (hiding).
  7172 | D:7      | 7172 ||| DRINKING 3 potions of curing.
  7172 | D:7      | 7172 ||| (to cure confusion)
  7391 | D:7      | Found a blossoming altar of Fedhas.
  7472 | D:7      | 7472 ||| Stepping ~*~*~tactically~*~*~ (hiding).
  7474 | D:7      | 7474 ||| Stepping ~*~*~tactically~*~*~ (hiding).
  7480 | D:7      | Reached * piety under Okawaru
  7481 | D:7      | Reached XP level 9. HP: 45/59 MP: 9/9
  7483 | D:7      | Reached skill level 1 in Invocations
  7599 | D:7      | 7599 ||| DROPPING ring of magical power.
  7600 | D:7      | 7600 ||| READING scroll labelled EVICAMN PAMEI.
  7601 | D:7      | 7601 ||| READING 5 scrolls of identify.
  7601 | D:7      | 7601 ||| IDENTIFYING gluggy blue potion
  7610 | D:8      | Found Ganehasy's General Store.
  7619 | D:8      | 7619 ||| BUYING scroll of brand weapon (123 gold).
  7619 | D:8      | Bought a scroll of brand weapon for 123 gold pieces
  7619 | D:8      | 7619 ||| BUYING scroll of enchant armour (97 gold).
  7619 | D:8      | Bought a scroll of enchant armour for 97 gold pieces
  7619 | D:8      | 7619 ||| BUYING scroll of teleportation (39 gold).
  7619 | D:8      | Bought a scroll of teleportation for 39 gold pieces
  7619 | D:8      | 7619 ||| READING scroll of enchant armour.
  7619 | D:8      | 7619 ||| ENCHANTING +0 cloak.
  7730 | D:8      | 7730 ||| INVOKING Heroism.
  7737 | D:8      | Noticed a centaur warrior
  7740 | D:8      | Noticed an efreet
  7740 | D:8      | Noticed a two-headed ogre
  7741 | D:8      | 7741 ||| INVOKING Heroism.
  7743 | D:8      | HP: 13/59 [yak (7)]
  7744 | D:8      | 7744 ||| READING 3 scrolls of teleportation.
  7751 | D:8      | Reached skill level 8 in Axes
  7790 | D:8      | 7790 ||| INVOKING Heroism.
  7792 | D:8      | HP: 12/59 [water moccasin (6)]
  7793 | D:8      | 7793 ||| READING 2 scrolls of teleportation.
  7796 | D:8      | Found a staircase to the Lair.
  7797 | D:8      | 7797 ||| READING scroll of teleportation.
  7798 | D:8      | HP: 12/60 [gnoll bouda/+0 whip (1)]
  7801 | D:8      | Killed a centaur warrior
  8020 | D:8      | 8020 ||| INVOKING Heroism.
  8028 | D:8      | Killed a two-headed ogre
  8029 | D:8      | Reached skill level 9 in Shields
  8029 | D:8      | Reached XP level 10. HP: 57/69 MP: 11/13
  8035 | D:8      | Reached ** piety under Okawaru
  8083 | D:8      | 8083 ||| Stepping ~*~*~tactically~*~*~ (stealth).
  8085 | D:8      | 8085 ||| Stepping ~*~*~tactically~*~*~ (stealth).
  8086 | D:8      | 8086 ||| Stepping ~*~*~tactically~*~*~ (stealth).
  8114 | D:8      | 8114 ||| FLEEEEING.
  8125 | D:8      | Reached skill level 9 in Axes
  8125 | D:8      | 8125 ||| FLEEEEING.
  8126 | D:8      | 8126 ||| FLEEEEING.
  8293 | D:8      | Found a runed translucent gate.
  8294 | D:8      | Found a runed translucent gate.
  8294 | D:8      | Found a runed translucent gate.
  8294 | D:8      | Found an opulent altar of Gozag.
  8296 | D:8      | Noticed qw's ghost (novice GrHu)
  8409 | D:8      | 8409 ||| Stepping ~*~*~tactically~*~*~ (stealth).
  8453 | D:8      | 8453 ||| Stepping ~*~*~tactically~*~*~ (stealth).
  8458 | D:8      | 8458 ||| INVOKING Heroism.
  8559 | D:8      | Identified the +3 leather armour of Impatience {Harm Int+2
                  | SInv}
  8671 | D:8      | 8671 ||| INVOKING Heroism.
  8828 | D:8      | 8828 ||| READING scroll labelled ETUNNY KIDU.
  8829 | D:8      | 8829 ||| PLANNING LAIR
  8859 | Lair:1   | Entered Level 1 of the Lair of Beasts
  8865 | Lair:1   | 8865 ||| INVOKING Heroism.
  8875 | Lair:1   | Reached skill level 10 in Axes
  8880 | Lair:1   | 8880 ||| Stepping ~*~*~tactically~*~*~ (stealth).
  8881 | Lair:1   | 8881 ||| Stepping ~*~*~tactically~*~*~ (stealth).
  8886 | Lair:1   | 8886 ||| INVOKING Heroism.
  8895 | Lair:1   | Reached *** piety under Okawaru
  8906 | Lair:1   | 8906 ||| FLEEEEING.
  8909 | Lair:1   | 8909 ||| FLEEEEING.
  8910 | Lair:1   | 8910 ||| FLEEEEING.
  8911 | Lair:1   | 8911 ||| FLEEEEING.
  8912 | Lair:1   | 8912 ||| STAIRDANCE
  9049 | Lair:1   | 9049 ||| STAIRDANCE
  9051 | D:8      | 9051 ||| INVOKING Heroism.
  9059 | D:8      | Reached XP level 11. HP: 49/74 MP: 12/14
  9209 | Lair:1   | 9209 ||| Stepping ~*~*~tactically~*~*~ (stealth).
  9211 | Lair:1   | 9211 ||| INVOKING Heroism.
  9220 | Lair:1   | 9220 ||| Stepping ~*~*~tactically~*~*~ (stealth).
  9221 | Lair:1   | 9221 ||| Stepping ~*~*~tactically~*~*~ (stealth).
  9320 | Lair:1   | 9320 ||| Stepping ~*~*~tactically~*~*~ (stealth).
  9322 | Lair:1   | 9322 ||| INVOKING Heroism.
  9332 | Lair:1   | Reached skill level 11 in Axes
  9334 | Lair:1   | 9334 ||| Stepping ~*~*~tactically~*~*~ (stealth).
  9335 | Lair:1   | 9335 ||| Stepping ~*~*~tactically~*~*~ (stealth).
  9380 | Lair:1   | 9380 ||| INVOKING Heroism.
  9387 | Lair:1   | 9387 ||| Stepping ~*~*~tactically~*~*~ (hiding).
  9561 | Lair:1   | 9561 ||| INVOKING Heroism.
  9792 | Lair:1   | 9792 ||| INVOKING Heroism.
  9913 | Lair:1   | 9913 ||| INVOKING Heroism.
 10133 | Lair:1   | Noticed a skyshark
 10138 | Lair:1   | Killed a skyshark
 10160 | Lair:1   | 10160 ||| INVOKING Heroism.
 10169 | Lair:1   | Reached skill level 3 in Throwing
 10220 | Lair:1   | 10220 ||| INVOKING Heroism.
 10229 | Lair:1   | Reached skill level 9 in Fighting
 10619 | Lair:1   | 10619 ||| READING 8 scrolls of identify.
 10619 | Lair:1   | 10619 ||| IDENTIFYING bubbling brown potion
 10620 | Lair:1   | 10620 ||| DROPPING potion of brilliance.
 10650 | Lair:2   | Noticed a catoblepas
 10651 | Lair:2   | 10651 ||| INVOKING Heroism.
 10656 | Lair:2   | Killed a catoblepas
 10656 | Lair:2   | Reached **** piety under Okawaru
 10835 | Lair:2   | Identified the +0 leather armour "Wufono" {Str+5 Int+3
                  | Dex-4}
 10836 | Lair:2   | 10836 ||| Stepping ~*~*~tactically~*~*~ (stealth).
 10837 | Lair:2   | 10837 ||| Stepping ~*~*~tactically~*~*~ (stealth).
 11052 | Lair:2   | 11052 ||| INVOKING Heroism.
 11065 | Lair:2   | 11065 ||| Stepping ~*~*~tactically~*~*~ (stealth).
 11068 | Lair:2   | 11068 ||| Stepping ~*~*~tactically~*~*~ (stealth).
 11073 | Lair:2   | 11073 ||| Stepping ~*~*~tactically~*~*~ (stealth).
 11074 | Lair:2   | 11074 ||| Stepping ~*~*~tactically~*~*~ (stealth).
 11076 | Lair:2   | 11076 ||| Stepping ~*~*~tactically~*~*~ (hiding).
 11107 | Lair:2   | 11107 ||| INVOKING Heroism.
 11120 | Lair:2   | 11120 ||| Stepping ~*~*~tactically~*~*~ (stealth).
 11125 | Lair:2   | 11125 ||| Stepping ~*~*~tactically~*~*~ (stealth).
 11129 | Lair:2   | 11129 ||| Stepping ~*~*~tactically~*~*~ (stealth).
 11131 | Lair:2   | Noticed a six-headed hydra
 11134 | Lair:2   | Reached XP level 12. HP: 75/83 MP: 16/16
 11137 | Lair:2   | 11137 ||| SWAPPING to +0 flail of protection.
 11139 | Lair:2   | Killed a six-headed hydra
 11140 | Lair:2   | Reached skill level 6 in Invocations
 11140 | Lair:2   | 11140 ||| SWAPPING to +0 spectral war axe.
 11141 | Lair:2   | 11141 ||| INVOKING Heroism.
 11145 | Lair:2   | Reached skill level 12 in Axes
 11153 | Lair:2   | 11153 ||| Stepping ~*~*~tactically~*~*~ (stealth).
 11156 | Lair:2   | Reached ***** piety under Okawaru
 11197 | Lair:2   | 11197 ||| FLEEEEING.
 11198 | Lair:2   | 11198 ||| FLEEEEING.
 11199 | Lair:2   | 11199 ||| FLEEEEING.
 11200 | Lair:2   | 11200 ||| FLEEEEING.
 11201 | Lair:2   | 11201 ||| FLEEEEING.
 11202 | Lair:2   | 11202 ||| FLEEEEING.
 11203 | Lair:2   | 11203 ||| FLEEEEING.
 11204 | Lair:2   | 11204 ||| INVOKING Heroism.
 11247 | Lair:2   | Found a hole to the Spider Nest.
 11351 | Lair:2   | 11351 ||| Stepping ~*~*~tactically~*~*~ (stealth).
 11354 | Lair:2   | 11354 ||| Stepping ~*~*~tactically~*~*~ (hiding).
 11369 | Lair:2   | Identified the +4 war axe "Ammeopp" {drain, rF+}
 11385 | Lair:2   | 11385 ||| INVOKING Heroism.
 11667 | Lair:2   | 11667 ||| READING scroll labelled TIPLARPHISTI.
 11668 | Lair:2   | 11668 ||| READING 8 scrolls of identify.
 11668 | Lair:2   | 11668 ||| IDENTIFYING cyan potion
 11669 | Lair:2   | 11669 ||| DRINKING potion of experience.
 11669 | Lair:2   | Reached XP level 13. HP: 92/92 MP: 17/20
 11802 | Lair:3   | 11802 ||| INVOKING Heroism.
 11803 | Lair:3   | 11803 ||| Stepping ~*~*~tactically~*~*~ (stealth).
 11807 | Lair:3   | 11807 ||| SWAPPING to +0 flail of protection.
 11822 | Lair:3   | 11822 ||| SWAPPING to +0 spectral war axe.
 11869 | Lair:3   | 11869 ||| FLEEEEING.
 11870 | Lair:3   | 11870 ||| FLEEEEING.
 11872 | Lair:3   | 11872 ||| FLEEEEING.
 11873 | Lair:3   | 11873 ||| FLEEEEING.
 11874 | Lair:3   | 11874 ||| FLEEEEING.
 11875 | Lair:3   | 11875 ||| FLEEEEING.
 11876 | Lair:3   | 11876 ||| FLEEEEING.
 11877 | Lair:3   | 11877 ||| FLEEEEING.
 11878 | Lair:3   | 11878 ||| FLEEEEING.
 11879 | Lair:3   | 11879 ||| FLEEEEING.
 11880 | Lair:3   | 11880 ||| FLEEEEING.
 11881 | Lair:3   | 11881 ||| FLEEEEING.
 11882 | Lair:3   | 11882 ||| FLEEEEING.
 11883 | Lair:3   | 11883 ||| FLEEEEING.
 11884 | Lair:3   | 11884 ||| FLEEEEING.
 11885 | Lair:3   | 11885 ||| FLEEEEING.
 11886 | Lair:3   | 11886 ||| FLEEEEING.
 11887 | Lair:3   | 11887 ||| FLEEEEING.
 11888 | Lair:3   | 11888 ||| FLEEEEING.
 11889 | Lair:3   | 11889 ||| FLEEEEING.
 11890 | Lair:3   | 11890 ||| FLEEEEING.
 11891 | Lair:3   | 11891 ||| FLEEEEING.
 11892 | Lair:3   | 11892 ||| FLEEEEING.
 11893 | Lair:3   | 11893 ||| FLEEEEING.
 11894 | Lair:3   | 11894 ||| FLEEEEING.
 11895 | Lair:3   | 11895 ||| FLEEEEING.
 11896 | Lair:3   | 11896 ||| FLEEEEING.
 11897 | Lair:3   | 11897 ||| FLEEEEING.
 11898 | Lair:3   | 11898 ||| FLEEEEING.
 11899 | Lair:3   | 11899 ||| FLEEEEING.
 11900 | Lair:3   | 11900 ||| FLEEEEING.
 11901 | Lair:3   | 11901 ||| FLEEEEING.
 11902 | Lair:3   | 11902 ||| STAIRDANCE
 11939 | Lair:2   | 11939 ||| DROPPING ring of fire.
 11986 | Lair:3   | 11986 ||| Stepping ~*~*~tactically~*~*~ (stealth).
 11988 | Lair:3   | 11988 ||| INVOKING Heroism.
 12077 | Lair:3   | 12077 ||| Stepping ~*~*~tactically~*~*~ (stealth).
 12084 | Lair:3   | 12084 ||| Stepping ~*~*~tactically~*~*~ (stealth).
 12085 | Lair:3   | 12085 ||| INVOKING Heroism.
 12086 | Lair:3   | 12086 ||| INVOKING Finesse.
 12101 | Lair:3   | Reached skill level 13 in Axes
 12124 | Lair:3   | 12124 ||| INVOKING Heroism.
 12129 | Lair:3   | 12129 ||| SWAPPING to +0 flail of protection.
 12139 | Lair:3   | Reached skill level 3 in Dodging
 12139 | Lair:3   | 12139 ||| SWAPPING to +0 spectral war axe.
 12224 | Lair:3   | 12224 ||| Stepping ~*~*~tactically~*~*~ (stealth).
 12225 | Lair:3   | 12225 ||| Stepping ~*~*~tactically~*~*~ (stealth).
 12368 | Lair:3   | 12368 ||| Stepping ~*~*~tactically~*~*~ (water).
 12399 | Lair:3   | 12399 ||| INVOKING Heroism.
 12400 | Lair:3   | 12400 ||| Stepping ~*~*~tactically~*~*~ (water).
 12434 | Lair:3   | 12434 ||| Stepping ~*~*~tactically~*~*~ (stealth).
 12438 | Lair:3   | 12438 ||| Stepping ~*~*~tactically~*~*~ (stealth).
 12445 | Lair:3   | Received a gift from Okawaru
 12451 | Lair:3   | Gained mutation: Your large and strong wings let you fly.
                  | [Gargoyle growth]
 12451 | Lair:3   | Reached XP level 14. HP: 89/99 MP: 21/21
 12569 | Lair:3   | 12569 ||| Stepping ~*~*~tactically~*~*~ (stealth).
 12570 | Lair:3   | 12570 ||| Stepping ~*~*~tactically~*~*~ (stealth).
 12571 | Lair:3   | 12571 ||| Stepping ~*~*~tactically~*~*~ (stealth).
 12621 | Lair:3   | Identified the +8 falchion of Growth {elec, rF+}
 12734 | Lair:3   | 12734 ||| READING scroll of enchant armour.
 12734 | Lair:3   | 12734 ||| ENCHANTING +1 cloak.
 12766 | Lair:3   | 12766 ||| FLEEEEING.
 12886 | Lair:3   | 12886 ||| INVOKING Heroism.
 12887 | Lair:3   | 12887 ||| INVOKING Finesse.
 13040 | Lair:3   | Received a gift from Okawaru
 13102 | Lair:3   | Found a staircase to the Shoals.
 13116 | Lair:3   | 13116 ||| INVOKING Heroism.
 13335 | Lair:3   | 13335 ||| READING scroll labelled ESECLA IKUAD.
 13335 | Lair:3   | Identified a scroll of acquirement
 13335 | Lair:3   | 13335 ||| ACQUIRING +4 consecrated labrys {holy, Valiant
                  | Fragile Fly SInv}
 13335 | Lair:3   | Acquired the +4 consecrated labrys {holy, Valiant Fragile
                  | Fly SInv}
 13335 | Lair:3   | Found the +4 consecrated labrys {holy, Valiant Fragile Fly
                  | SInv}
 13337 | Lair:3   | 13337 ||| DRINKING 2 murky green potions.
 13590 | Lair:4   | Found a runed translucent gate.
 13619 | Lair:4   | 13619 ||| Stepping ~*~*~tactically~*~*~ (stealth).
 13620 | Lair:4   | 13620 ||| Stepping ~*~*~tactically~*~*~ (stealth).
 13623 | Lair:4   | 13623 ||| Stepping ~*~*~tactically~*~*~ (stealth).
 13639 | Lair:4   | Reached skill level 14 in Axes
 13768 | Lair:4   | 13768 ||| INVOKING Heroism.
 13886 | Lair:4   | Noticed qw's ghost (journeyman NaHu)
 13889 | Lair:4   | Found a runed translucent gate.
 13890 | Lair:4   | Found a runed translucent gate.
 14361 | Lair:4   | 14361 ||| UPGRADING to +0 plate armour.
 14371 | Lair:4   | 14371 ||| READING scroll of enchant armour.
 14371 | Lair:4   | 14371 ||| ENCHANTING +0 plate armour.
 14385 | Lair:5   | Entered Level 5 of the Lair of Beasts
 14394 | Lair:5   | Reached skill level 6 in Armour
 14394 | Lair:5   | 14394 ||| STAIRDANCE
 14457 | Lair:5   | 14457 ||| STAIRDANCE
 14636 | Lair:5   | Noticed Kirke
 14637 | Lair:5   | 14637 ||| INVOKING Heroism.
 14638 | Lair:5   | 14638 ||| INVOKING Finesse.
 14652 | Lair:5   | Killed Kirke
 14664 | Lair:5   | Identified the +0 broad axe of the Dancing Seer {flame,
                  | rN+} (Okawaru gifted it to you on level 5 of the Lair of
                  | Beasts)
 14664 | Lair:5   | Received a gift from Okawaru
 14704 | Lair:5   | 14704 ||| DROPPING +0 flail of protection.
 14706 | Lair:5   | Found a viscous altar of Jiyva.
 14707 | Lair:5   | Found a staircase to the Slime Pits.
 14784 | Lair:5   | 14784 ||| INVOKING Heroism.
 14785 | Lair:5   | 14785 ||| INVOKING Finesse.
 14789 | Lair:5   | 14789 ||| SWAPPING to +0 broad axe of the Dancing Seer
                  | {flame, rN+}.
 14793 | Lair:5   | Reached skill level 9 in Armour
 14892 | Lair:5   | 14892 ||| Stepping ~*~*~tactically~*~*~ (stealth).
 14896 | Lair:5   | 14896 ||| Stepping ~*~*~tactically~*~*~ (stealth).
 14922 | Lair:5   | 14922 ||| Stepping ~*~*~tactically~*~*~ (stealth).
 14925 | Lair:5   | 14925 ||| INVOKING Heroism.
 14947 | Lair:5   | Reached skill level 12 in Shields
 14951 | Lair:5   | 14951 ||| INVOKING Finesse.
 15011 | Lair:5   | 15011 ||| Stepping ~*~*~tactically~*~*~ (stealth).
 15012 | Lair:5   | 15012 ||| Stepping ~*~*~tactically~*~*~ (stealth).
 15022 | Lair:5   | 15022 ||| Stepping ~*~*~tactically~*~*~ (stealth).
 15024 | Lair:5   | 15024 ||| Stepping ~*~*~tactically~*~*~ (stealth).
 15108 | Lair:5   | 15108 ||| INVOKING Heroism.
 15109 | Lair:5   | 15109 ||| INVOKING Finesse.
 15171 | Lair:5   | 15171 ||| Stepping ~*~*~tactically~*~*~ (stealth).
 15193 | Lair:5   | 15193 ||| Stepping ~*~*~tactically~*~*~ (hiding).
 15195 | Lair:5   | 15195 ||| INVOKING Heroism.
 15236 | Lair:5   | 15236 ||| Stepping ~*~*~tactically~*~*~ (stealth).
 15375 | Lair:5   | 15375 ||| INVOKING Heroism.
 15637 | Lair:5   | 15637 ||| INVOKING Heroism.
 15681 | Lair:5   | 15681 ||| Stepping ~*~*~tactically~*~*~ (stealth).
 15744 | Lair:5   | 15744 ||| INVOKING Heroism.
 15895 | Lair:5   | 15895 ||| PLANNING D:1-11
 15895 | Lair:5   | 15895 ||| READING 10 scrolls of identify.
 15895 | Lair:5   | 15895 ||| IDENTIFYING smoky purple potion
 16026 | D:9      | Reached skill level 15 in Axes
 16104 | D:9      | Identified the +6 trident of Reason {freeze, SInv}
 16170 | D:9      | 16170 ||| Stepping ~*~*~tactically~*~*~ (hiding).
 16392 | D:9      | 16392 ||| FLEEEEING.
 16393 | D:9      | 16393 ||| FLEEEEING.
 16394 | D:9      | 16394 ||| FLEEEEING.
 16395 | D:9      | 16395 ||| FLEEEEING.
 16399 | D:9      | 16399 ||| FLEEEEING.
 16400 | D:9      | 16400 ||| FLEEEEING.
 16401 | D:9      | 16401 ||| FLEEEEING.
 16402 | D:9      | 16402 ||| FLEEEEING.
 16403 | D:9      | 16403 ||| FLEEEEING.
 16405 | D:9      | 16405 ||| FLEEEEING.
 16407 | D:9      | 16407 ||| FLEEEEING.
 16408 | D:9      | 16408 ||| FLEEEEING.
 16409 | D:9      | 16409 ||| FLEEEEING.
 16609 | D:9      | Found a stormy altar of Qazlal.
 16662 | D:9      | 16662 ||| Stepping ~*~*~tactically~*~*~ (hiding).
 16670 | D:9      | Reached XP level 15. HP: 104/104 MP: 22/22
 16829 | D:9      | Identified the +7 dagger "Lerrai Miets" {speed, rF+}
 16841 | D:9      | Found a staircase to the Orcish Mines.
 16844 | D:9      | 16844 ||| Stepping ~*~*~tactically~*~*~ (hiding).
 16845 | D:9      | 16845 ||| Stepping ~*~*~tactically~*~*~ (hiding).
 16847 | D:9      | 16847 ||| Stepping ~*~*~tactically~*~*~ (hiding).
 16898 | D:9      | 16898 ||| Stepping ~*~*~tactically~*~*~ (stealth).
 17068 | D:9      | Found the +12 pair of quick blades "Gyre" and "Gimble"
                  | {protect}
 17126 | D:9      | Identified the +6 sling "Zumau" {antimagic, rN+ Stlth+}
 17439 | D:10     | Entered Level 10 of the Dungeon
 17439 | D:10     | Noticed Urug
 17440 | D:10     | 17440 ||| INVOKING Heroism.
 17447 | D:10     | Killed Urug
 17493 | D:10     | Noticed Maggie
 17494 | D:10     | 17494 ||| Stepping ~*~*~tactically~*~*~ (stealth).
 17500 | D:10     | Killed Maggie
 17535 | D:10     | Noticed Psyche
 17540 | D:10     | Killed Psyche
 17604 | D:10     | Noticed Snorg
 17611 | D:10     | 17611 ||| INVOKING Heroism.
 17624 | D:10     | Killed Snorg
 17625 | D:10     | Reached skill level 12 in Fighting
 18175 | D:10     | 18175 ||| UPGRADING to +0 pair of boots.
 18180 | D:10     | 18180 ||| READING 9 scrolls of identify.
 18180 | D:10     | 18180 ||| IDENTIFYING green potion
 18181 | D:10     | 18181 ||| DROPPING potion of invisibility.
 18575 | D:10     | 18575 ||| DRINKING 2 potions of cancellation.
 18660 | D:10     | 18660 ||| DROPPING +2 war axe of electrocution.
 18668 | D:10     | 18668 ||| Stepping randomly (stuck).
 18755 | D:11     | 18755 ||| Stepping ~*~*~tactically~*~*~ (stealth).
 18851 | D:11     | 18851 ||| Stepping ~*~*~tactically~*~*~ (hiding).
 18854 | D:11     | 18854 ||| INVOKING Heroism.
 18892 | D:11     | 18892 ||| Stepping ~*~*~tactically~*~*~ (hiding).
 18898 | D:11     | Received a gift from Okawaru
 18932 | D:11     | 18932 ||| INVOKING Heroism.
 18932 | D:11     | Noticed Erica
 18939 | D:11     | HP: 17/105 [fire dragon/blast of flame (38)]
 18939 | D:11     | HP: 3/105 [Erica/+2 scimitar of flaming (14)]
 18939 | D:11     | Slain by Erica

Levels and vault maps discovered:
D:1:      heliophobic_arrival_ceremonial_halls, layout_loops_ring
D:2:      layout_basic, minmay_misc_feat_roman, grunt_decor_cap, uniq_natasha
D:3:      layout_rooms, mainiacjoe_overflow_cross_hatched,
          nicolae_overflow_hallway_of_the_gods, ebering_ecumenical_altar_hall,
          serial_shops, nicolae_square_shop, nicolae_shop_trees,
          nicolae_shop_bloodbath_and_beyond, uniq_sigmund
D:4:      layout_loops_ring, nicolae_zen_rock_garden
D:5:      layout_loops_ring, nicolae_gozag_seed_capital, vehumet_altar_wand_db,
          kennysheep_little_box, nicolae_uskayaw_murder_on_the_dancefloor,
          grunt_dithmenos_smoke
D:6:      layout_loops_corners, roderic_serpentine_path,
          nicolae_concentric_dashed_squares_wild
D:7:      layout_cave_pods, lemuel_coloured_pillars_altar,
          minmay_temple_entry_waves
D:8:      minmay_bloctagon, layout_loops_ring, dpeg_oklobed_lair, serial_shops,
          shop_statue, ebering_ghost_gozag, kennysheep_small_circle
D:9:      layout_stronghold, nicolae_qazlal_general_emergency, orc_0_dummy,
          serial_glass, glass_columns_b, glass_columns_a,
          minmay_strange_pillars, item_on_display_a, item_on_display_a,
          item_on_display_a, chequers_serial_rivers_micro_a,
          hellmonk_guarded_unrand_gyre_and_gimble
D:10:     cheibrodos_iron_armory, layout_irregular_city, uniq_urug, uniq_snorg,
          uniq_maggie, uniq_psyche
D:11:     minmay_the_grid_3x2 [minmay_the_grid_paths,
          minmay_the_grid_minigrid_medium, minmay_the_grid_dragon_a,
          minmay_the_grid_holed_spiral, minmay_the_grid_tiny_cups,
          minmay_the_grid_prize_four_corners_diamond_b], layout_irregular_city,
          portal_ice_cave_demonic_guard, roderic_lattice_a,
          hellmonk_guarded_unrand_sphere_of_battle, uniq_erica
Temple:   jpeg_temple_island
Lair:1:   layout_layer_cave, grunt_megastairs_4
Lair:2:   layout_loops_ring, dummy_spider_entry, serial_bayou_shore_b,
          infiniplex_staircase_pool, grunt_megastairs_3
Lair:3:   layout_cave_pods, elwin_shoals_entry_rooms,
          chequers_serial_rivers_marsh, minivault_24, minmay_lair_oklob_bushes,
          kennysheep_abandoned_house
Lair:4:   layout_regular_city, serial_bayou, serial_bayou_pond_a,
          serial_bayou_pond_c, serial_bayou_pond_a, serial_bayou_shore_b,
          serial_bayou_lagoon_b, serial_bayou_pond_d,
          gammafunk_ghost_hydra_chop, fungi_pond_lemuel
Lair:5:   minmay_lair_end_enchanted_forest, layout_small_grid,
          minmay_slime_entry_pillars, grunt_megastairs_5, lemuel_fruit_tree,
          uniq_kirke

Skill      XL: |  1  2  3  4  5  6  7  8  9 10 11 12 13 14 15 |
---------------+----------------------------------------------+-----
Axes           | 2 3 4 5 6 7 8 10 11 12 13 15 | 15.1
Fighting       | 4 5 7 8 9 11 12 | 12.1
Dodging        | 1 2 3 |  3.3
Shields        | 5 7 9 10 11 12 | 12.0
Throwing       | 2 3 4 5 |  5.0
Invocations    | 4 5 10 | 10.2
Armour         | 4 5 9 10 | 10.1

Action                     |  1- 3 |  4- 6 |  7- 9 | 10-12 | 13-15 || total
---------------------------+-------+-------+-------+-------+-------++-------
  Melee: War axe           |   105 |   156 |   248 |   197 |   237 ||   943
         Flail             |       |       |       |     1 |    22 ||    23
         Broad axe         |       |       |       |       |   434 ||   434
  Throw: Javelin           |       |       |    30 |    40 |   117 ||   187
         Boomerang         |       |       |     8 |    56 |    11 ||    75
 Invoke: Heroism           |       |       |     4 |    19 |    20 ||    43
         Finesse           |       |       |       |       |     6 ||     6
    Use: Scroll            |     2 |     4 |    14 |     4 |     5 ||    29
         Potion            |       |     1 |     4 |     1 |     2 ||     8
   Stab: Distracted        |       |       |     1 |     2 |     8 ||    11
 Armour: Scale mail        |    80 |    46 |   105 |    52 |    57 ||   340
         Chain mail        |       |    24 |     5 |       |       ||    29
         Plate armour      |       |       |       |       |   266 ||   266
  Dodge: Dodged            |    64 |    45 |    76 |    43 |   176 ||   404
  Block: Buckler           |    38 |    10 |       |       |       ||    48
         Kite shield       |       |    23 |   107 |    82 |   318 ||   530

Table legend:
 A = Non-vault XP
 B = Vault XP
 C = Vault XP percentage of total XP
 D = Non-vault monster count
 E = Vault monster count
 F = Vault count percentage of total count
                 A         B        C        D         E       F
            +---------+---------+-------+---------+---------+-------
      Total |   47764 |   32424 |  40.4 |     335 |     132 |  28.3
            +---------+---------+-------+---------+---------+-------
        D:1 |      26 |       0 |   0.0 |      15 |       0 |   0.0
        D:2 |     123 |      35 |  22.2 |      24 |       1 |   4.0
        D:3 |      62 |     214 |  77.5 |      14 |       1 |   6.7
        D:4 |     223 |       0 |   0.0 |      26 |       0 |   0.0
        D:5 |     284 |       2 |   0.7 |      15 |       1 |   6.2
        D:6 |     837 |       0 |   0.0 |      18 |       0 |   0.0
        D:7 |     743 |       0 |   0.0 |      18 |       0 |   0.0
        D:8 |    1075 |    3760 |  77.8 |      16 |      17 |  51.5
        D:9 |    2042 |    1840 |  47.4 |      36 |       3 |   7.7
       D:10 |     990 |    3667 |  78.7 |      11 |       8 |  42.1
       D:11 |    1612 |    2373 |  59.5 |       8 |       7 |  46.7
     Lair:1 |    6146 |    1422 |  18.8 |      21 |       5 |  19.2
     Lair:2 |    7111 |    2213 |  23.7 |      28 |       6 |  17.6
     Lair:3 |   13546 |    2321 |  14.6 |      33 |      17 |  34.0
     Lair:4 |    5409 |       0 |   0.0 |      25 |       0 |   0.0
     Lair:5 |    7535 |   14577 |  65.9 |      27 |      66 |  71.0
            +---------+---------+-------+---------+---------+-------
